 Dungeon Crawl Stone Soup version 0.25-a0-661-g55ea3d2053 (webtiles) character file.

Game seed: 7693775183446444348, levelgen mode: deterministic

65 DasRunzen the Slasher (level 3, 0/29 HPs)
             Began as a Demigod Gladiator on Mar 23, 2020.
             Slain by an iguana (3 damage)
             ... on level 2 of the Dungeon.
             The game lasted 00:02:42 (1177 turns).

DasRunzen the Slasher (Demigod Gladiator)           Turns: 1177, Time: 00:02:42

Health: 0/29       AC:  6    Str: 17    XL:     3   Next: 67%
Magic:  7/7        EV: 13    Int: 14    God:
Gold:   72         SH:  0    Dex: 20    Spells: 4/4 levels left

rFire    . . .     SeeInvis .   a - +1 long sword
rCold    . . .     Gourm    .   (no shield)
rNeg     . . .     Faith    .   b - +0 leather armour
rPois    .         Spirit   .   c - +0 helmet
rElec    .         Reflect  .   (no cloak)
rCorr    .         Harm     .   g - +1 pair of gloves {Dex+3}
MR       .....                  (no boots)
Stlth    ++........             (no amulet)
HPRegen  0.09/turn              (no ring)
MPRegen  0.10/turn              (no ring)

@: lethally poisoned (0 -> -2)
A: high mp 1
a: no special abilities


You were on level 2 of the Dungeon.
You were not hungry.

You visited 1 branch of the dungeon, and saw 3 of its levels.

You collected 72 gold pieces.

Inventory:

Hand Weapons
 a - a +1 long sword (weapon)
Missiles
 d - 3 throwing nets (quivered)
Armour
 b - a +0 leather armour (worn)
 c - a +0 helmet (worn)
 g - a +1 pair of gloves of dexterity (worn)
Magical Staves
 l - an uncursed staff of wizardry {unknown}
Jewellery
 p - an uncursed ring of wizardry {unknown}
Scrolls
 i - a scroll of remove curse
 j - a scroll of teleportation
Potions
 e - a potion of mutation {unknown}
 h - 2 potions of cancellation {unknown}
 k - a potion of berserk rage {unknown}
 m - a potion of degeneration {unknown}
 o - a potion of ambrosia {unknown}
Comestibles
 f - 7 rations


   Skills:
 + Level 2.3 Fighting
 + Level 3.1 Long Blades
 - Level 1.7 Throwing
 + Level 1.2 Armour
 + Level 3.1 Dodging
 + Level 1.1 Spellcasting


You had 4 spell levels left.
You didn't know any spells.
Your spell library was empty.

Dungeon Overview and Level Annotations

Branches:
Dungeon (3/15)


Innate Abilities, Weirdness & Mutations

You have an increased reservoir of magic. (+10% MP)


Message History

You barely miss the iguana. The iguana bites you.
You hit the iguana.
The iguana is moderately wounded.
You feel sick. The iguana bites you!
* * * LOW HITPOINT WARNING * * *
The iguana closely misses you.
You hit the iguana.
The iguana is heavily wounded.
The iguana closely misses you.
You hit the iguana.
The iguana is severely wounded.
* * * LOW HITPOINT WARNING * * *
You feel sick. The iguana barely misses you.
You hit the iguana but do no damage.
The iguana is severely wounded.
The iguana barely misses you.
You hit the iguana.
The iguana is almost dead.
The iguana bites you.
You die...

##### ##...###############
###### ##.###...(..........#
..)..#####.## ##.##.....<<...#
####.##....# #.##.##.....<.###
#.##.##.## ##@##.##...#.....#
#.##.###.###l###.##...#.###.#
#.##.# ##...## #.##...#.# #.#
#.##.#####>#####.###....###.#
#.##.##..).......# #..#.....#
#................# #.>#...####
####.##.#...####.###..#.......
#.........#)...............
########......#.#.###..#.######


You could see an iguana.

Vanquished Creatures
  2 adders
  3 dart slugs
  3 giant cockroaches
  3 goblins (D:2)
  2 hobgoblins
  6 jackals (D:2)
  11 kobolds
  A quokka (D:2)
  3 bats (D:2)
  6 frilled lizards
  2 rats (D:2)
42 creatures vanquished.

Notes
Turn   | Place    | Note
-------+----------+-------------------------------------------
     0 | D:1      | DasRunzen the Demigod Gladiator began the quest for the
                  | Orb.
     0 | D:1      | Reached XP level 1. HP: 17/17 MP: 3/3
   108 | D:1      | You fall into a shaft and drop 1 floor!
   115 | D:2      | Reached XP level 2. HP: 15/24 MP: 4/4
   698 | D:2      | Reached XP level 3. HP: 29/29 MP: 6/6
   724 | D:2      | Reached skill level 1 in Armour
   858 | D:3      | Reached skill level 1 in Spellcasting
  1177 | D:2      | Slain by an iguana

Levels and vault maps discovered:
D:1:      minmay_arrival_radiant_lines, layout_loops_ring
D:2:      layout_loops_ring, first_ration
D:3:      layout_loops_ring, kennysheep_crisscross, lexackson_kobold_supper

Skill      XL: |  1  2  3 |
---------------+----------+-----
Fighting       | 2 |  2.3
Dodging        | 3 |  3.1
Long Blades    | 3 |  3.1
Armour         | 1 |  1.2
Spellcasting   | 1 |  1.1
Throwing       | |  1.7

Action                   || total
-------------------------++-------
Melee: Long sword        ||   110
  Use: Scroll            ||     4
 Stab: Sleeping          ||     1
  Eat: Chunk             ||     1
Armor: Leather armour    ||    52
Dodge: Dodged            ||    97
       Rpst.: Long sword ||    32

Table legend:
 A = Non-vault XP
 B = Vault XP
 C = Vault XP percentage of total XP
 D = Non-vault monster count
 E = Vault monster count
 F = Vault count percentage of total count
                 A         B        C        D         E       F
            +---------+---------+-------+---------+---------+-------
      Total |      88 |       6 |   6.4 |      37 |       5 |  11.9
            +---------+---------+-------+---------+---------+-------
        D:1 |       7 |       0 |   0.0 |       3 |       0 |   0.0
        D:2 |      60 |       0 |   0.0 |      30 |       0 |   0.0
        D:3 |      21 |       6 |  22.2 |       4 |       5 |  55.6
            +---------+---------+-------+---------+---------+-------
